 Dungeon Crawl Stone Soup version 0.21.1 (webtiles) character file.

12715 JeffiDaFish the Nimble (level 11, -3/72 HPs)
             Began as a Gargoyle Fighter on Feb 3, 2018.
             Was a High Priest of Okawaru.
             Slain by Erolcha
             ... wielding a +0 giant spiked club
              (13 damage)
             ... on level 11 of the Dungeon.
             The game lasted 00:29:02 (11029 turns).

JeffiDaFish the Nimble (Gargoyle Fighter)          Turns: 11029, Time: 00:29:02

Health: -3/72      AC: 22    Str: 19    XL:     11   Next: 97%
Magic:  11/11      EV: 15    Int: 10    God:    Okawaru [*****.]
Gold:   585        SH:  5    Dex: 12    Spells: 10/10 levels left

rFire    + . .     SeeInvis +   t - +3 flail (holy)
rCold    + . .     Gourm    +   p - +1 buckler {reflect}
rNeg     + . .     Faith    .   e - +3 ring mail {rC+}
rPois    ∞         Spirit   .   c - +0 helmet
rElec    +         Reflect  +   s - +0 cloak
rCorr    .         Harm     .   i - +0 pair of gloves
MR       .....                  (no boots)
Stlth    +.........             w - amulet of the gourmand
HPRegen  0.22/turn              g - ring of protection from fire
MPRegen  0.12/turn              B - ring of see invisible

@: drained
A: negative energy resistance 1, electricity resistance, unbreathing,
petrification resistance, rot immunity, AC +8
a: Heroism, Finesse, Renounce Religion


You were on level 11 of the Dungeon.
You worshipped Okawaru.
Okawaru was extremely pleased with you.
You were very full.

You visited 2 branches of the dungeon, and saw 12 of its levels.
You also visited: Sewer and Ossuary.

You collected 585 gold pieces.

Inventory:

Hand Weapons
 t - a +3 flail of holy wrath (weapon)
Armour
 b - a scarf of cloud immunity
 c - a +0 helmet (worn)
 e - a +3 ring mail of cold resistance (worn)
 i - a +0 pair of gloves (worn)
 p - a +1 buckler of reflection (worn)
 s - a +0 cloak (worn)
Jewellery
 g - a ring of protection from fire (left hand)
 w - an amulet of the gourmand (around neck)
 B - a ring of see invisible (right hand)
Wands
 u - a wand of scattershot (3)
 E - a wand of iceblast (10)
Scrolls
 a - 3 scrolls of fog
 h - 7 scrolls of remove curse
 k - 9 scrolls of teleportation
 n - 6 scrolls of identify
 o - a scroll of fear
 y - a scroll of blinking
 C - a scroll of magic mapping
Potions
 d - 4 potions of might
 j - a potion of cancellation
 l - 2 potions of flight
 m - a potion of resistance
 q - 5 potions of agility
 r - 3 potions of invisibility
 v - a potion of brilliance
 x - a potion of heal wounds
 z - 2 potions of haste
 A - a potion of ambrosia
 D - a potion of magic
Comestibles
 f - 27 rations


   Skills:
 + Level 9.7(8.5) Fighting
 + Level 8.6(7.5) Maces & Flails
 + Level 9.7(8.5) Armour
 * Level 9.9(8.7) Dodging
 - Level 4.8(3.7) Shields


You had 10 spell levels left.
You didn't know any spells.

Dungeon Overview and Level Annotations

Branches:
Dungeon (11/15)            Temple (1/1) D:4             Orc (0/2) D:10
   Lair: D:8-11

Altars:
Ashenzari
Cheibriados
Dithmenos
Elyvilon
Gozag
Hepliaklqana
Kikubaaqudgha
Makhleb
Nemelex Xobeh
Okawaru
Qazlal
Ru
Trog
Uskayaw
Vehumet
Wu Jian
Xom
Yredelemnul
Zin
The Shining One

Annotations:
D:11 Erolcha


Innate Abilities, Weirdness & Mutations

You are resistant to torment.
Your stone body is resilient. (AC +8)
You are immune to poison.
You resist negative energy. (rN+)
You are resistant to electric shocks. (rElec)
You can survive without breathing.
You are immune to petrification.
You are immune to rotting.


Message History

Erolcha barely misses you. x2
You sock Erolcha!
Erolcha is moderately wounded.
Erolcha misses you.
The orc wizard casts a spell.
The orc wizard flickers and vanishes for a moment.
You sock Erolcha!
Erolcha is heavily wounded.
Erolcha barely misses you.
You thump Erolcha!
Erolcha is severely wounded.
Erolcha closely misses you.
Your shield and ring mail prevent you from hitting Erolcha.
Erolcha is severely wounded.
Erolcha hits you with a giant spiked club!
* * * LOW HITPOINT WARNING * * *
You hit Erolcha.
Erolcha is severely wounded.
Erolcha hits you with a giant spiked club!
You die... ####...(#.. #......... #>....... ...hJo. .Zyoo oWW

#O# #@# # #.#
.# #####.####
##. #........#
...
#}.......###.#
#........#...#
#........#.#
#..........#
#.......<###


You could see Erolcha, 2 wraiths, an orc warrior, a hound, a jelly, a killer
bee, an orc wizard (invisible), 2 orcs and a hound skeleton.

Vanquished Creatures
  Josephine (D:11)
  A two-headed ogre (D:9)
  Erica (D:8)
  A queen ant (D:9)
  The ghost of ystaelle the Carver, a novice MiGl (D:6)
  An ugly thing (D:11)
  A cyclops (D:7)
  Psyche (D:8)
  A troll (D:10)
  Prince Ribbit (D:9)
  Grinder (D:4)
  2 hippogriffs
  Sigmund (D:6)
  2 wraiths (D:11)
  Grum (D:7)
  The ghost of ystaelle the Slasher, an amateur MiGl (D:3)
  Eustachio (D:6)
  2 hungry ghosts (D:9)
  Edmund (D:4)
  8 soldier ants (D:9)
  2 ice beasts (D:7)
  An orc warrior (D:9)
  3 black bears
  An ogre (D:10)
  An eye of draining (D:7)
  2 phantoms
  3 wolves (D:7)
  2 centaurs
  A crocodile (D:10)
  2 big kobolds (Sewer)
  Blork the orc (D:6)
  2 bullfrogs
  A water moccasin zombie (D:9)
  2 wyvern zombies
  A scorpion (D:8)
  A water moccasin skeleton (D:10)
  11 killer bees
  2 howler monkeys
  3 bullfrog zombies
  6 centaur zombies
  4 crimson imps
  A quasit (D:9)
  2 bullfrog skeletons
  4 hounds
  2 orc priests
  2 orc wizards
  Crazy Yiuf (D:4)
  6 jellies
  3 centaur skeletons
  Jessica (D:3)
  17 worker ants
  3 iguanas
  3 killer bee zombies (Ossuary)
  3 hound zombies (Ossuary)
  15 mummies (Ossuary)
  2 hound skeletons
  2 howler monkey skeletons
  2 howler monkey zombies
  4 worker ant zombies
  4 gnolls
  3 river rats (Sewer)
  10 adders
  A shadow imp (D:10)
  8 oozes
  An adder skeleton (D:5)
  3 worms
  2 dart slugs (D:2)
  2 leopard geckos
  33 orcs
  7 bats
  5 giant cockroaches
  9 goblins
  8 hobgoblins
  11 jackals
  16 kobolds
  4 quokkas
  4 ball pythons
  8 frilled lizards
  A giant cockroach zombie (Ossuary)
  2 quokka zombies (Ossuary)
  15 rats
312 creatures vanquished.

Vanquished Creatures (others)
  3 fungi (D:4)
  A withered plant (Ossuary)
4 creatures vanquished.

Grand Total: 316 creatures vanquished

Notes
Turn   | Place    | Note
-------+----------+-------------------------------------------
     0 | D:1      | JeffiDaFish the Gargoyle Fighter began the quest for the Orb.
     0 | D:1      | Reached XP level 1. HP: 14/14 MP: 1/1
   156 | D:1      | Reached XP level 2. HP: 19/19 MP: 2/2
   338 | D:1      | Reached XP level 3. HP: 12/23 MP: 3/3
   787 | D:1      | Reached skill level 1 in Dodging
  1156 | D:2      | Found an opulent altar of Gozag.
  1342 | D:2      | Reached XP level 4. HP: 29/29 MP: 4/4
  1728 | D:3      | Noticed Jessica
  1732 | D:3      | Killed Jessica
  1755 | D:3      | Found a faded altar of an unknown god.
  1830 | D:3      | Reached XP level 5. HP: 33/33 MP: 5/5
  1947 | D:3      | Found a glowing drain.
  1991 | Sewer    | Entered a sewer
  2297 | Sewer    | Noticed a big kobold
  2298 | Sewer    | Noticed a big kobold
  2323 | Sewer    | Killed a big kobold
  2323 | Sewer    | Reached XP level 6. HP: 34/38 MP: 6/6
  2456 | D:3      | Noticed ystaelle's ghost (amateur MiGl)
  2472 | D:3      | Killed ystaelle's ghost
  2472 | D:3      | Reached XP level 7. HP: 40/44 MP: 7/7
  2596 | D:3      | Found a burning altar of Makhleb.
  2596 | D:3      | Noticed a blizzard demon
  2600 | D:3      | Noticed a hellwing
  2600 | D:3      | Noticed a ynoxinul
  3348 | D:4      | Found a sacrificial altar of Ru.
  3480 | D:4      | Reached skill level 5 in Fighting
  3773 | D:4      | Noticed Grinder
  3790 | D:4      | Paralysed by Grinder for 5 turns
  3819 | D:4      | Killed Grinder
  3819 | D:4      | Reached skill level 5 in Armour
  3819 | D:4      | Reached XP level 8. HP: 29/49 MP: 8/8
  4090 | D:4      | Found a runed door.
  4094 | D:4      | Noticed Crazy Yiuf
  4099 | D:4      | Killed Crazy Yiuf
  4131 | D:4      | Found a staircase to the Ecumenical Temple.
  4295 | D:4      | Noticed Edmund
  4312 | D:4      | Killed Edmund
  4360 | D:5      | Entered Level 5 of the Dungeon
  4580 | D:5      | Reached skill level 5 in Dodging
  5348 | D:6      | Noticed ystaelle's ghost (novice MiGl)
  5359 | D:6      | Killed ystaelle's ghost
  5359 | D:6      | Reached skill level 5 in Maces & Flails
  5359 | D:6      | Reached XP level 9. HP: 48/56 MP: 9/9
  5441 | D:6      | Noticed Sigmund
  5441 | D:6      | Noticed Blork the orc
  5461 | D:6      | Killed Blork the orc
  5469 | D:6      | Killed Sigmund
  5858 | Temple   | Entered the Ecumenical Temple
  5949 | Temple   | Became a worshipper of Warmaster Okawaru
  6167 | D:6      | Noticed Eustachio
  6183 | D:6      | Killed Eustachio
  6352 | D:7      | Noticed a cyclops
  6378 | D:7      | Killed a cyclops
  6378 | D:7      | Reached * piety under Okawaru
  6669 | D:7      | Reached XP level 10. HP: 48/63 MP: 10/10
  6682 | D:7      | Found a shadowy altar of Dithmenos.
  6693 | D:7      | Found a bloodstained altar of Trog.
  7362 | D:8      | Noticed Grum
  7505 | D:7      | Killed Grum
  7714 | D:8      | Found a shattered altar of Ashenzari.
  7757 | D:8      | Noticed Psyche
  7765 | D:8      | Killed Psyche
  7765 | D:8      | Reached ** piety under Okawaru
  7932 | D:8      | Found a sand-covered staircase.
  7942 | Ossuary  | Entered an ossuary
  8266 | D:8      | Noticed Erica
  8291 | D:8      | Killed Erica
  8291 | D:8      | Reached *** piety under Okawaru
  9051 | D:9      | Reached XP level 11. HP: 57/69 MP: 11/11
  9087 | D:9      | Noticed a queen ant
  9121 | D:9      | Reached **** piety under Okawaru
  9212 | D:9      | Killed a queen ant
  9508 | D:9      | Found a shadowy altar of Dithmenos.
  9510 | D:9      | Found a shimmering altar of Xom.
  9550 | D:9      | Noticed Prince Ribbit
  9551 | D:9      | Noticed a two-headed ogre
  9565 | D:9      | Killed a two-headed ogre
  9579 | D:9      | Killed Prince Ribbit
  9970 | D:9      | Found a glowing golden altar of the Shining One.
 10047 | D:10     | Entered Level 10 of the Dungeon
 10111 | D:10     | Found a staircase to the Orcish Mines.
 10180 | D:10     | Reached ***** piety under Okawaru
 10942 | D:11     | Noticed Josephine
 10985 | D:11     | Killed Josephine
 10987 | D:11     | Noticed a brown ugly thing
 10993 | D:11     | Noticed Erolcha
 11009 | D:11     | Killed a brown ugly thing
 11029 | D:11     | Slain by Erolcha

Skill      XL: |  1  2  3  4  5  6  7  8  9 10 11 |
---------------+----------------------------------+-----
Dodging        | 1 2 3 4 5 7 8 9 |  9.9
Armour         | 4 5 6 7 8 9 |  9.7
Shields        | 4 |  4.8
Fighting       | 4 5 6 7 8 9 |  9.7
Maces & Flails | 3 4 5 6 7 8 |  8.6

Action                   |  1- 3 |  4- 6 |  7- 9 | 10-12 || total
-------------------------+-------+-------+-------+-------++-------
Melee: Flail             |   127 |   203 |   424 |   752 ||  1506
Evoke: Wand              |       |       |       |     2 ||     2
  Use: Scroll            |     4 |     5 |     9 |     2 ||    20
       Potion            |     4 |     4 |    11 |     4 ||    23
 Stab: Invisible         |       |       |     3 |       ||     3
  Eat: Chunk             |     2 |     3 |    15 |    32 ||    52
Armor: Scale mail        |    17 |       |       |       ||    17
       Ring mail         |    58 |    82 |   194 |   337 ||   671
Dodge: Dodged            |    47 |    64 |   288 |   536 ||   935
Block: Shield            |    75 |   116 |    89 |       ||   280
       Buckler           |       |       |    97 |   244 ||   341
       Reflection        |       |       |       |     6 ||     6
